 Dungeon Crawl Stone Soup version 0.29.1-2-gbd0b4ee654 (webtiles) character file.

Game seed: 12593220743566499922

394 Icepheonix32 the Reanimator (level 6, -16/32 HPs)
             Began as a Deep Elf Necromancer on Oct 31, 2022.
             Demolished by an orc warrior
             ... wielding a +0 battleaxe
              (23 damage)
             ... on level 4 of the Dungeon.
             The game lasted 00:07:59 (3516 turns).

Icepheonix32 the Reanimator (Deep Elf Necromancer)  Turns: 3516, Time: 00:08:00

Health: -16/32     AC:  5    Str: 11      XL:     6   Next: 52%
Magic:  8/12       EV: 12    Int: 21 (22) God:
Gold:   100        SH:  0    Dex: 13 (15) Spells: 10/11 levels left

rFire   . . .      SeeInvis .   d - staff of death
rCold   . . .      Faith    .   (no shield)
rNeg    + . .      Spirit   .   a - +1 robe
rPois   .          Reflect  .   p - +0 helmet
rElec   .          Harm     .   (no cloak)
rCorr   +          Rampage  .   (no gloves)
Will    .....                   m - +0 pair of boots
Stlth   ++........              (no amulet)
HPRegen 0.10/turn               c - +6 ring of strength
MPRegen 0.13/turn               j - ring of resist corrosion

@: mighty
A: no striking features
a: no special abilities


You were on level 4 of the Dungeon.
You visited 1 branch of the dungeon, and saw 4 of its levels.

You collected 100 gold pieces.

Inventory:

Hand Weapons
 n - a +2 falchion of electrocution
 o - a +2 vorpal falchion
 q - a +1 dagger of draining
 s - a +3 dagger of venom
 t - the +3 war axe of Truncation {vorpal, rC- Will++ Int+3}
   (You found it on level 3 of the Dungeon)

   It inflicts extra damage upon your enemies.
   Int:       It affects your intelligence (+3).
   rC:        It makes you vulnerable to cold.
   Will:      It greatly increases your willpower.
Missiles
 l - 2 boomerangs
Armour
 a - a +1 robe (worn)
 m - a +0 pair of boots (worn)
 p - a +0 helmet (worn)
Magical Staves
 d - a staff of death (weapon)
 f - a staff of cold
Jewellery
 c - a +6 ring of strength (left hand)
 j - a ring of resist corrosion (right hand)
Wands
 v - a wand of charming (15)
Scrolls
 e - a scroll of teleportation
 g - a scroll of silence {unknown}
 h - a scroll of vulnerability {unknown}
 k - a scroll of enchant weapon
Potions
 b - a potion of magic


   Skills:
 - Level 2.4 Dodging
 - Level 2.4 Stealth
 - Level 3.0 Spellcasting
 + Level 9.0 Necromancy
 * Level 2.3 Evocations


You had 10 spell levels left.
You knew the following spells:

 Your Spells              Type           Power      Damage    Failure   Level
a - Necrotise             Necr           100%       1d9       1%          1

Your spell library contained the following spells:

 Spells                   Type           Power      Damage    Failure   Level
 Vampiric Draining        Necr           58%        2d10      1%          3
 Animate Dead             Necr           58%        N/A       3%          4
 Agony                    Necr           58%        N/A       9%          5
 Blink                    Tloc           6%         N/A       21%         2
 Manifold Assault         Tloc           3%         N/A       98%         5
 Storm Form               Tmut/Air       1%         N/A       100%        7


Dungeon Overview and Level Annotations

Branches:
Dungeon (4/15)
 Temple: D:4-7

Altars:
Gozag
Uskayaw
Vehumet

Shops:
D:2 (


Message History

A goblin comes into view. It is wielding a +0 dagger.
Your ball python skeleton barely misses the goblin.
Your ball python skeleton grabs the goblin.
Your ball python skeleton constricts the goblin.
The goblin hits your kobold skeleton with a +0 dagger.
Your kobold skeleton hits the goblin.
Your ball python skeleton barely misses the goblin.
Your ball python skeleton constricts the goblin.
The goblin hits your kobold skeleton with a +0 dagger.
Your kobold skeleton hits the goblin.
Your ball python skeleton bites the goblin.
The goblin dies!
You see here a hobgoblin skeleton.
You swap places.
You swap places.
h - a scroll labelled TURCHA BAOHOTS You see here a +2 falchion of electrocution.
n - a +2 falchion of electrocution Your kobold skeleton crumbles into dust!
Your ball python skeleton crumbles into dust!
An orc warrior is nearby!
Things that are here:
a +0 dagger; 17 gold pieces; a goblin corpse You feel a surge of power!
The orc warrior shouts!
The orc warrior barely resists.
You hear a shout! x2
You feel a surge of power!
The orc warrior barely resists.
You feel a surge of power!
The orc warrior writhes in agony.
You feel very mighty all of a sudden.
You hit the orc warrior but do no damage.
The orc warrior is lightly wounded.
The orc warrior hits you with a +0 battleaxe!
* * * LOW HITPOINT WARNING * * *
You closely miss the orc warrior.
The orc warrior is lightly wounded.
The orc warrior misses you.
The orc warrior hits you with a +0 battleaxe!!
Ouch! That really hurt!
You die...

..............#
.g............#
....$....o....
(.......o....
##...........
'...........
####.$....O....
#..)@o.........
#.#.####.#####.
# #.# .# #÷# .#
#.####.#
########....#.#
#.....).....#.#
#...†.......#.#
#.............#


You could see an orc warrior, an ogre and 2 orcs.

Vanquished Creatures
  An ogre (D:4)
  A bullfrog (D:3)
  A hound (D:3)
  An iguana (D:4)
  An orc wizard (D:3)
  Robin (D:2)
  5 adders
  3 worms
  A dart slug (D:3)
  5 orcs
  5 endoplasms
  3 giant cockroaches
  17 goblins
  13 hobgoblins
  4 kobolds
  4 quokkas
  7 ball pythons
  8 bats
  5 frilled lizards
  8 rats
94 creatures vanquished.

Vanquished Creatures (collateral kills)
  A goblin (D:4)
1 creature vanquished.

Grand Total: 95 creatures vanquished

Notes
Turn   | Place    | Note
-------+----------+-------------------------------------------
     0 | D:1      | Icepheonix32 the Deep Elf Necromancer began the quest for
                  | the Orb.
     0 | D:1      | Reached XP level 1. HP: 10/10 MP: 6/6
    26 | D:1      | Reached skill level 5 in Necromancy
   124 | D:1      | Found a faded altar of an unknown god.
   289 | D:1      | Reached XP level 2. HP: 15/15 MP: 5/8
  1151 | D:1      | Reached skill level 6 in Necromancy
  1154 | D:1      | Reached XP level 3. HP: 19/19 MP: 5/9
  1376 | D:2      | Found Zaneyts's Antique Weapon Emporium.
  1446 | D:2      | Noticed Robin
  1466 | D:2      | Killed Robin
  1501 | D:2      | Reached XP level 4. HP: 7/24 MP: 4/10
  1778 | D:2      | Reached skill level 7 in Necromancy
  2112 | D:3      | Reached skill level 1 in Evocations
  2334 | D:3      | Reached XP level 5. HP: 28/28 MP: 9/11
  2402 | D:3      | Found an opulent altar of Gozag.
  2418 | D:3      | Reached skill level 8 in Necromancy
  2540 | D:3      | Identified the +3 war axe of Truncation {vorpal, rC- Will++
                  | Int+3}
  2637 | D:3      | Found a radiant altar of Vehumet.
  2642 | D:3      | Found a hide-covered altar of Uskayaw.
  3079 | D:3      | Reached XP level 6. HP: 32/32 MP: 10/12
  3181 | D:4      | Noticed an orc warrior
  3229 | D:4      | Reached skill level 9 in Necromancy
  3516 | D:4      | Demolished by an orc warrior

Illustrated notes

Levels and vault maps discovered:
D:1:      wander_arrival_desolate, layout_basic,
          chequers_ecumenical_altar_simple, minivault_26
D:2:      layout_rooms, serial_shops, shop, item_on_display_a, uniq_robin
D:3:      minmay_inner_zag, layout_basic, grunt_temple_overflow_open,
          grunt_gozag_statues, hangedman_decor_slide_cut
D:4:      layout_basic, mainiacjoe_overflow_alcove_1

Skill      XL: |  1  2  3  4  5  6 |
---------------+-------------------+-----
Necromancy     | 5 6 7 8 9 |  9.0
Evocations     | 1 2 |  2.3
Dodging        | |  2.4
Stealth        | |  2.4
Spellcasting   | |  3.0

Action                   |  1- 3 |  4- 6 || total
-------------------------+-------+-------++-------
Melee: Unarmed           |     1 |       ||     1
       Dagger            |     3 |       ||     3
       Short sword       |     1 |       ||     1
       Staff             |       |    14 ||    14
 Cast: Necrotise         |    64 |    98 ||   162
  Use: Scroll            |     3 |     4 ||     7
       Potion            |     2 |     5 ||     7
Armor: Robe              |     6 |     9 ||    15
Dodge: Dodged            |    11 |    19 ||    30
